 Dungeon Crawl Stone Soup version 0.21.0-3-g78d12a8 (webtiles) character file.

58037 Ignatius881 the Severer (level 14, -9/198 HPs)
             Began as a Minotaur Berserker on Jan 8, 2018.
             Was a High Priest of Trog.
             Mangled by a sixfirhy (10 damage)
             ... on level 6 of the Lair of Beasts.
             The game lasted 01:44:14 (23138 turns).

Ignatius881 the Severer (Minotaur Berserker)       Turns: 23138, Time: 01:44:15

Health: -9/198     AC: 27    Str: 21 (24) XL:     14   Next: 48%
Magic:  13/13      EV:  2    Int:  3 (4)  God:    Trog [*****.]
Gold:   847        SH:  0    Dex: 12 (13) Spells: 13/13 levels left

rFire    . . .     SeeInvis .   R - +0 hand axe (venom)
rCold    . . .     Gourm    .   (no shield)
rNeg     + + +     Faith    .   (armour currently unavailable)
rPois    +         Spirit   .   (helmet currently unavailable)
rElec    .         Reflect  .   (cloak currently unavailable)
rCorr    .         Harm     .   (gloves currently unavailable)
MR       +....     NoTele   +   (boots currently unavailable)
Stlth    ++........             (no amulet)
HPRegen  0.43/turn              p - ring of stealth
MPRegen  0.13/turn              S - +4 ring of slaying

@: tree-form, weakened, berserk cooldown
A: (retaliatory headbutt)
a: Berserk, Trog's Hand, Brothers in Arms, Burn Spellbooks, Renounce Religion


You were on level 6 of the Lair of Beasts.
You worshipped Trog.
Trog was extremely pleased with you.
You were not hungry.
You were a tree.
You visited 2 branches of the dungeon, and saw 17 of its levels.
You visited the Abyss 1 time.

You collected 847 gold pieces.

Inventory:

Hand Weapons
 k - a +3 hand axe
   (You took it off a wight on level 6 of the Dungeon)
 C - a +1 battleaxe
   (You took it off a wight on level 6 of the Dungeon)
 R - a +0 hand axe of venom (weapon)
   (You took it off an orc on level 9 of the Dungeon)
 X - a +0 battleaxe of electrocution
   (You took it off an orc warrior on level 9 of the Dungeon)
Armour
 j - a +0 pair of gloves
   (You found it on level 1 of the Lair of Beasts)
 r - a -2 cloak
   (You found it on level 4 of the Dungeon)
 B - a +0 plate armour (melded)
   (You took it off an orc warrior on level 6 of the Dungeon)
 E - a +2 pair of gloves of archery
   (You found it on level 6 of the Lair of Beasts)
 P - a +1 hat of see invisible (melded)
   (You took it off Gastronok on level 8 of the Dungeon)
 Y - a +0 cloak
   (You found it on level 6 of the Lair of Beasts)
Jewellery
 b - a +4 ring of strength {unknown}
   (You found it on level 5 of the Lair of Beasts)
 p - a ring of stealth (left branch)
   (You found it on level 3 of the Dungeon)
 q - an uncursed ring of flight
   (You found it on level 1 of the Lair of Beasts)
 z - an uncursed ring of see invisible
   (You found it on level 10 of the Dungeon)
 O - an uncursed ring of fire {unknown}
   (You found it on level 8 of the Dungeon)
 S - a +4 ring of slaying (right branch)
   (You found it on level 5 of the Dungeon)
 Z - a cursed ring of teleportation {unknown}
   (You found it on level 4 of the Lair of Beasts)
Wands
 c - a wand of disintegration (29)
   (You found it on level 6 of the Dungeon)
 d - a wand of iceblast (7)
   (You found it on level 10 of the Dungeon)
 t - a wand of flame (31)
   (You found it on level 5 of the Lair of Beasts)
 u - a wand of paralysis (12)
   (You found it on level 8 of the Dungeon)
 v - a wand of digging (14)
   (You found it on level 10 of the Dungeon)
 x - a wand of acid (8)
   (You took it off Joseph on level 7 of the Dungeon)
 U - a wand of clouds (4)
   (You found it on level 8 of the Dungeon)
 V - a wand of polymorph (22)
   (You took it off a hobgoblin on level 9 of the Dungeon)
Scrolls
 f - 4 scrolls of enchant armour {unknown}
 g - 5 scrolls of teleportation {@r4}
 m - 4 scrolls of vulnerability {unknown}
 n - 7 scrolls of enchant weapon {unknown}
 D - 3 scrolls of holy word {unknown}
 G - a scroll of fog {unknown}
 H - a scroll of immolation {unknown}
 J - 2 scrolls of acquirement {unknown}
 K - 2 scrolls of silence {unknown}
 M - 3 scrolls of remove curse {@r2}
 T - 7 scrolls of fear {unknown}
 W - 6 scrolls of magic mapping {unknown}
Potions
 h - a potion of mutation {unknown}
 l - a potion of might {unknown}
 o - 3 potions of heal wounds {unknown}
 w - 2 potions of berserk rage {unknown}
 y - 3 potions of brilliance {unknown}
 A - 2 potions of lignification {!q}
 F - 2 potions of degeneration {!q}
 I - 2 potions of flight
 L - a potion of invisibility {unknown}
 N - a potion of haste {@q3}
 Q - a potion of magic
Books
 i - a book of Party Tricks
   (You found it on level 10 of the Dungeon)
 s - a book of Minor Magic
   (You found it on level 4 of the Dungeon)
Comestibles
 e - 14 rations


   Skills:
 + Level 14.1 Fighting
 + Level 17.9 Axes
 + Level 13.9 Armour
 + Level 12.9 Dodging


You had 13 spell levels left.
You didn't know any spells.

Dungeon Overview and Level Annotations

Branches:
Dungeon (11/15)            Temple (0/1) D:6            Lair (6/6) D:8
 Shoals (0/4) Lair:2        Snake (0/4) Lair:2        Slime (0/5) Lair:5
    Orc (0/2) D:9

Altars:
Dithmenos
Elyvilon
Makhleb

Shops:
D:11 :


Innate Abilities, Weirdness & Mutations

((You reflexively headbutt those who attack you in melee.))
((You have a pair of horns on your head.))


Message History

The orange demon stings you but does no damage.
The orange demon barely misses you.
The orange demon hits you but does no damage.
The sixfirhy hits you but does no damage.
The hell hound pauses to sniff the ground.
You feel better.
The sixfirhy hits you but does no damage. x2
The sixfirhy hits you.
* * * LOW HITPOINT WARNING * * *
The sixfirhy shocks you!
* * * LOW HITPOINT WARNING * * *
The orange demon stings you but does no damage.
The orange demon stings you!
* * * LOW HITPOINT WARNING * * *
The orange demon hits you but does no damage.
The sixfirhy hits you.
* * * LOW HITPOINT WARNING * * *
The sixfirhy shocks you!
* * * LOW HITPOINT WARNING * * *
You cannot move.
You cannot move.
Unknown command.
The sixfirhy hits you but does no damage. x2
The orange demon stings you but does no damage.
The orange demon barely misses you.
The orange demon hits you but does no damage.
The orange demon stings you but does no damage. x2
The orange demon hits you.
* * * LOW HITPOINT WARNING * * *
You feel your attacks grow feeble.
A smoke demon comes into view.
You feel better. The orange demon stings you from afar.
* * * LOW HITPOINT WARNING * * *
The orange demon stings you but does no damage.
The orange demon hits you but does no damage.
The smoke demon moves out of view.
You cannot move.
The sixfirhy hits you but does no damage. x3
The orange demon stings you but does no damage.
The sixfirhy hits you but does no damage.
The orange demon stings you but does no damage.
The orange demon hits you but does no damage.
The hell hound stops to sniff the ground.
The sixfirhy hits you but does no damage. x2
The sixfirhy completely misses you.
The orange demon stings you but does no damage.
The sixfirhy hits you!
* * * LOW HITPOINT WARNING * * *
The sixfirhy shocks you!
You die...

♣♣...♣♣♣....♣♣♣ ♣♣..♣♣♣
♣♣.......♣♣♣ ♣.....♣
♣♣.♣♣P♣♣♣ ######''#######
♣♣♣♣♣+#########.............#
#........#...8....8....#
#..8.8..)'.............# ♣
#...#.8.)############### ♣♣
#.8.†.# .♣ #...8.#3♣# .♣
#..8.#...4443._. ♣♣
#...8.8..#h...§. ♣
#........#....§≈ ##########
##§§≈ §≈ #


You could see 2 orange demons, an ice devil, a sixfirhy, a smoke demon and a
hell hound.

Vanquished Creatures
  Rupert (Lair:6)
  Gastronok (D:8)
  A great orb of eyes (Abyss:2)
  6 hydras
  3 two-headed ogres
  8 death yaks
  Sonja (Lair:3)
  A wizard (Lair:6)
  An ugly thing (D:11)
  A deep elf mage (D:10)
  A worldbinder (Abyss:2)
  5 centaur zombies
  Joseph (D:7)
  12 elephants
  8 black mambas
  A torpor snail (Lair:6)
  12 spiny frogs
  2 rime drakes
  3 centaur skeletons
  4 komodo dragons
  2 hellwings (D:8)
  2 trolls
  A merfolk (D:10)
  3 hornets
  9 blink frogs
  Grinder (D:3)
  A snapping turtle (Lair:2)
  9 hippogriffs
  14 dream sheep
  A meliai zombie (D:8)
  A large abomination (Abyss:1)
  3 spriggans (Lair:4)
  A wyvern (Lair:2)
  26 yaks
  3 basilisks
  A wraith (D:11)
  4 nagas (Lair:2)
  20 water moccasins
  4 hell hounds (Lair:6)
  8 porcupines
  7 ogres
  7 orc warriors
  5 phantoms
  4 sky beasts
  2 black bears
  6 ice beasts
  2 eyes of draining
  12 wolves
  10 crocodiles
  9 centaurs
  A wyvern zombie (D:8)
  17 bullfrogs
  2 wyvern skeletons
  4 scorpions
  2 small abominations
  3 wights (D:6)
  10 killer bees
  6 howler monkeys
  An electric eel (Lair:2)
  3 quasits
  2 bullfrog zombies
  5 crimson imps
  14 jellies
  6 hounds
  7 orc priests
  2 iguanas
  10 orc wizards
  4 worker ants
  A hound zombie (D:7)
  A hound skeleton (D:9)
  A worker ant zombie (D:9)
  14 adders
  A howler monkey skeleton (D:6)
  5 shadow imps
  A white imp (Abyss:1)
  11 oozes
  3 worms
  An adder skeleton (D:5)
  A dart slug (D:1)
  3 leopard geckos
  49 orcs
  13 bats
  4 giant cockroaches
  6 goblins
  5 hobgoblins
  11 jackals
  12 kobolds
  3 quokkas
  2 ball pythons
  4 frilled lizards
  A jackal skeleton (D:9)
  A leopard gecko zombie (D:5)
  A quokka skeleton (D:9)
  7 rats
  A butterfly (Lair:6)
  4 fungi
  4 plants
521 creatures vanquished.

Vanquished Creatures (others)
  22 fungi
  12 plants
  10 toadstools (D:2)
  A withered plant (D:8)
45 creatures vanquished.

Grand Total: 566 creatures vanquished

Notes
Turn   | Place    | Note
-------+----------+-------------------------------------------
     0 | D:1      | Ignatius881 the Minotaur Berserker began the quest for the Orb.
     0 | D:1      | Reached XP level 1. HP: 19/19 MP: 0/0
   293 | D:1      | Reached XP level 2. HP: 26/27 MP: 1/1
   317 | D:1      | Reached skill level 4 in Axes
   761 | D:2      | Reached XP level 3. HP: 12/33 MP: 2/2
  1003 | D:2      | Reached ** piety under Trog
  1775 | D:2      | Reached XP level 4. HP: 40/40 MP: 3/3
  1794 | D:2      | Reached skill level 5 in Axes
  1798 | D:2      | Reached XP level 5. HP: 36/47 MP: 4/4
  2080 | D:3      | Reached *** piety under Trog
  2219 | D:3      | Noticed Grinder
  2227 | D:3      | Paralysed by Grinder for 3 turns
  2233 | D:3      | Killed Grinder
  2233 | D:3      | Reached skill level 5 in Fighting
  2233 | D:3      | Reached skill level 6 in Axes
  2233 | D:3      | Reached XP level 6. HP: 21/56 MP: 5/5
  2758 | D:3      | Found a faded altar of an unknown god.
  3014 | D:4      | Reached XP level 7. HP: 61/61 MP: 6/6
  3045 | D:4      | Reached skill level 7 in Axes
  3230 | D:4      | Reached skill level 5 in Armour
  3822 | D:5      | Entered Level 5 of the Dungeon
  4222 | D:5      | Reached XP level 8. HP: 68/70 MP: 7/7
  4416 | D:5      | Reached skill level 8 in Axes
  4416 | D:5      | Reached skill level 5 in Dodging
  5046 | D:6      | Reached skill level 9 in Axes
  5229 | D:6      | Reached **** piety under Trog
  5328 | D:6      | Reached XP level 9. HP: 72/79 MP: 8/8
  5655 | D:6      | Found a staircase to the Ecumenical Temple.
  5719 | D:6      | Reached skill level 10 in Axes
  6119 | D:7      | Noticed Joseph
  6307 | D:7      | Killed Joseph
  6307 | D:7      | Reached skill level 11 in Axes
  6515 | D:7      | Reached XP level 10. HP: 76/90 MP: 9/9
  6959 | D:8      | Noticed a two-headed ogre
  6967 | D:8      | Killed a two-headed ogre
  7152 | D:8      | Reached skill level 12 in Axes
  7189 | D:8      | Reached ***** piety under Trog
  7883 | D:8      | Noticed Gastronok
  7895 | D:8      | Killed Gastronok
  7895 | D:8      | Reached skill level 13 in Axes
  7895 | D:8      | Reached XP level 11. HP: 99/99 MP: 10/10
  7925 | D:8      | Noticed a two-headed ogre
  7937 | D:8      | Killed a two-headed ogre
  7937 | D:8      | Reached skill level 10 in Fighting
  8167 | D:8      | Found a white marble altar of Elyvilon.
  8404 | D:8      | Found a staircase to the Lair.
  8859 | D:9      | Reached skill level 10 in Armour
  9833 | D:9      | Found a shadowy altar of Dithmenos.
  9859 | D:9      | Reached skill level 14 in Axes
 10269 | D:9      | Found a staircase to the Orcish Mines.
 10427 | D:10     | Entered Level 10 of the Dungeon
 10429 | D:10     | Noticed a two-headed ogre
 10521 | D:10     | Killed a two-headed ogre
 10729 | D:10     | Noticed a deep elf mage
 10744 | D:10     | Killed a deep elf mage
 11279 | D:11     | Noticed a brown ugly thing
 11400 | D:11     | Killed a brown ugly thing
 11400 | D:11     | Reached XP level 12. HP: 108/110 MP: 11/11
 11425 | D:10     | Reached skill level 10 in Dodging
 11826 | D:11     | Found Xitu's Book Emporium.
 11965 | D:11     | Received a gift from Trog
 12661 | Lair:1   | Entered Level 1 of the Lair of Beasts
 12703 | Lair:1   | Reached skill level 15 in Axes
 13607 | Lair:1   | Noticed a seven-headed hydra
 13623 | Lair:1   | Killed a 15-headed hydra
 14038 | Lair:1   | Noticed a six-headed hydra
 14044 | Lair:1   | Killed a ten-headed hydra
 14603 | Lair:2   | Found a staircase to the Snake Pit.
 15050 | Lair:2   | Found a staircase to the Shoals.
 15315 | Lair:2   | Reached skill level 16 in Axes
 15889 | Lair:3   | Noticed Sonja
 16305 | Lair:3   | Cast into level 1 of the Abyss (Sonja)
 16305 | Abyss:1  | Found a corrupted altar of Lugonu.
 16360 | Abyss:1  | Found a corrupted altar of Lugonu.
 16406 | Abyss:1  | Found a corrupted altar of Lugonu.
 16542 | Abyss:2  | Reached XP level 13. HP: 118/118 MP: 12/12
 16555 | Abyss:2  | Received a gift from Trog
 16585 | Lair:3   | Escaped the Abyss
 16602 | Lair:3   | Killed Sonja
 18620 | Lair:4   | Received a gift from Trog
 18757 | Lair:4   | Reached skill level 17 in Axes
 20511 | Lair:5   | Found a staircase to the Slime Pits.
 20871 | Lair:6   | Entered Level 6 of the Lair of Beasts
 20999 | Lair:6   | Reached XP level 14. HP: 113/129 MP: 13/13
 23087 | Lair:6   | Noticed Rupert
 23104 | Lair:6   | Killed Rupert
 23124 | Lair:6   | Found a burning altar of Makhleb.
 23133 | Lair:6   | HP: 8/198 [sixfirhy (12)]
 23138 | Lair:6   | HP: 1/198 [sixfirhy (8)]
 23138 | Lair:6   | Mangled by a sixfirhy

Skill      XL: |  1  2  3  4  5  6  7  8  9 10 11 12 13 14 |
---------------+-------------------------------------------+-----
Axes           | 4 5 6 7 9 11 13 14 16 17 | 17.9
Fighting       | 4 5 6 7 8 9 11 12 13 14 | 14.1
Armour         | 3 4 5 6 8 9 10 12 13 | 13.9
Dodging        | 3 4 6 7 8 9 11 12 | 12.9

Action                   |  1- 3 |  4- 6 |  7- 9 | 10-12 | 13-15 || total
-------------------------+-------+-------+-------+-------+-------++-------
Melee: Hand axe          |    72 |   105 |   201 |   608 |   581 ||  1567
       Headbutt          |    10 |    24 |    56 |   216 |   161 ||   467
       Battleaxe         |       |       |    96 |   135 |       ||   231
       Unarmed           |       |       |       |    13 |       ||    13
Invok: Berserk           |     2 |     1 |     9 |    12 |     9 ||    33
       Trog's Hand       |       |       |     4 |     5 |     2 ||    11
  Use: Scroll            |       |     3 |     4 |     8 |     1 ||    16
       Potion            |       |       |       |       |     7 ||     7
 Stab: Distracted        |       |       |       |     1 |       ||     1
  Eat: Ration            |     1 |     1 |     2 |     9 |     7 ||    20
       Chunk             |     1 |     1 |    16 |    15 |     5 ||    38
Armor: Animal skin       |     2 |       |       |       |       ||     2
       Ring mail         |    14 |     9 |       |       |       ||    23
       Scale mail        |       |    34 |    51 |       |       ||    85
       Plate armour      |       |       |    34 |   337 |   206 ||   577
       Skin              |       |       |       |       |    37 ||    37
Dodge: Dodged            |    48 |    52 |   144 |   357 |   265 ||   866
